 Dungeon Crawl Stone Soup version 0.19.1 (webtiles) character file.

72 SQman the Ducker (level 4, -4/21 HPs)
             Began as a Spriggan Earth Elementalist on Dec 18, 2016.
             Slain by Terence
             ... wielding a +0 mace
              (7 damage)
             ... on level 2 of the Dungeon.
             The game lasted 00:11:32 (1644 turns).

SQman the Ducker (Spriggan Earth Elementalist)      Turns: 1644, Time: 00:11:33

Health: -4/21      AC:  4    Str:  4      XL:     4   Next: 6%
Magic:  3/10       EV: 19    Int: 16 (17) God:
Gold:   112        SH:  0    Dex: 16      Spells: 3 memorised, 4 levels left

rFire  + . .     SeeInvis +     a - +0 dagger
rCold  . . .     Gourm    .     p - +0 robe
rNeg   . . .     Faith    .     (shield restricted)
rPois  .         Spirit   .     (helmet restricted)
rElec  .         Reflect  .     (no cloak)
rCorr  .         Harm     .     (gloves unavailable)
MR     +....                    (boots unavailable)
Stlth  ++........               (no amulet)
                                (no ring)
                                n - ring of protection from magic

@: very quick
A: unfitting armour, iridescent scales 1, see invisible, blink, deterioration 1,
fire resistance 1, herbivore 3, speed 3, slow metabolism 2
a: Blink


You were on level 2 of the Dungeon.
You were not hungry.

You visited 1 branch of the dungeon, and saw 2 of its levels.

You collected 112 gold pieces.

Inventory:

Hand Weapons
 a - a +0 dagger (weapon)
 f - a +0 hunting sling
Missiles
 b - 91 stones (quivered)
Armour
 c - a +0 robe
 h - a +0 robe
 p - a +0 robe (worn)
 q - a +0 robe
Jewellery
 n - a ring of protection from magic (left hand)
Scrolls
 g - a scroll of remove curse
 j - a scroll of teleportation
 m - a scroll of identify
 r - a scroll of fog
Potions
 k - a potion of curing
 o - a potion of flight
Books
 e - a book of Geomancy

   Spells                             Type                      Level
   a - Sandblast                      Earth                        1
   b - Passwall                       Transmutation/Earth          2
   c - Stone Arrow                    Conjuration/Earth            3
   d - Petrify                        Transmutation/Earth          4
   e - Lee's Rapid Deconstruction     Earth                        5
Comestibles
 d - 2 bread rations
 i - 2 slices of pizza
 l - a fruit


   Skills:
 + Level 0.2 Fighting
 + Level 0.4 Short Blades
 + Level 0.2 Slings
 + Level 3.6 Dodging
 + Level 3.3 Stealth
 + Level 3.6 Spellcasting
 + Level 1.3 Transmutations
 + Level 3.5 Earth Magic


You had 4 spell levels left.
You knew the following spells:

 Your Spells              Type           Power        Failure   Level  Hunger
a - Sandblast             Erth           ##....       6%          1    None
b - Passwall              Tmut/Erth      ##........   12%         2    ##.....
c - Stone Arrow           Conj/Erth      #.....       28%         3    ###....


Dungeon Overview and Level Annotations

Branches:
Dungeon (2/15)

Altars:

Annotations:
D:2 Terence


Innate Abilities, Weirdness & Mutations

You are very small and have problems with some larger weapons.
You are too small for most types of armour.
You have supernaturally acute eyesight. (SInv)
You are a herbivore.
You cover ground extremely quickly.
You need consume almost no food.
You are partially covered in iridescent scales. (AC +2)
You can translocate small distances at will.
Your body sometimes deteriorates upon taking damage.
Your flesh is heat resistant. (rF+)


Message History

You hit Terence but do no damage.
Terence is severely wounded.
Terence completely misses you.
You hit Terence.
Terence is severely wounded.
Terence hits you but does no damage.
You hit Terence but do no damage.
Terence is severely wounded.
You feel yourself speed up.
Terence says, "You're history."
Terence completely misses you. Terence barely misses you.
You hit Terence but do no damage.
Terence is severely wounded.
You hit Terence but do no damage.
Terence is severely wounded.
Terence zaps a wand.
You resist with almost no effort.
You hit Terence.
Terence is almost dead.
Terence hits you with a mace!
You die...

# #
##############
#######
#.......@@w..#
......#
#.##########.#
#####.# #.#
#...#.# #.#
....#.# #.#
..###.# #.# .#
......# #.# .#
..##### #.#
#.# ..# #.#
#.#


You could see Terence and a dart slug.

Vanquished Creatures
  3 adders (D:2)
  2 dart slugs
  2 leopard geckos
  8 bats
  3 giant cockroaches
  4 goblins
  3 hobgoblins
  A quokka (D:2)
  5 frilled lizards
  6 kobolds
  2 rats
39 creatures vanquished.

Notes
Turn   | Place    | Note
-------+----------+-------------------------------------------
     0 | D:1      | SQman the Spriggan Earth Elementalist began the quest for the Orb.
     0 | D:1      | Reached XP level 1. HP: 9/9 MP: 5/5
   293 | D:1      | Reached XP level 2. HP: 13/13 MP: 3/6
   300 | D:1      | Learned a level 2 spell: Passwall
   648 | D:1      | Gained mutation: You are partially covered in iridescent scales. (AC +2) [potion of mutation]
   648 | D:1      | Gained mutation: You can translocate small distances at will. [potion of mutation]
   683 | D:1      | Gained mutation: Your body sometimes deteriorates upon taking damage. [potion of mutation]
   683 | D:1      | Gained mutation: Your flesh is heat resistant. (rF+) [potion of mutation]
   993 | D:2      | Reached XP level 3. HP: 8/16 MP: 2/8
  1136 | D:2      | Learned a level 3 spell: Stone Arrow
  1327 | D:2      | Reached XP level 4. HP: 7/21 MP: 2/10
  1609 | D:2      | Noticed Terence
  1644 | D:2      | Slain by Terence

Skill      XL: |  1  2 |
---------------+-------+-----
Earth Magic    | 3 |  3.5
Spellcasting   | 3 |  3.6
Fighting       | |  0.2
Short Blades   | |  0.4
Slings         | |  0.2
Dodging        | |  3.6
Stealth        | |  3.3
Transmutations | |  1.3

Action                   |  1- 3 |  4- 6 || total
-------------------------+-------+-------++-------
Melee: Unarmed           |    11 |       ||    11
       Dagger            |    50 |    25 ||    75
 Fire: Hunting sling     |    11 |       ||    11
 Cast: Sandblast         |    62 |     8 ||    70
       Passwall          |     1 |       ||     1
       Stone Arrow       |       |     4 ||     4
  Use: Scroll            |     6 |     3 ||     9
       Potion            |     6 |       ||     6
 Stab: Sleeping          |     3 |       ||     3
  Eat: Fruit             |       |     1 ||     1
Armor: Robe              |     6 |     1 ||     7
Dodge: Dodged            |    74 |    17 ||    91
